Map: Echo LE

Players

Kantuva - Winner!

  • Race: Zerg Zerg
  • Spawn Location: 11:00

Socke

  • Race: Terran Terran
  • Spawn Location: 5:00

VOD

Have the link to the VOD?

Description

Time

  • Played on: April 1, 2015, 8:38 p.m.
  • Length: 5:25
Show
View Real Time Build Order
Export as new Build Order

Kantuva Zerg - Winner!

Build Orders: Pool First 

Get SALT Encoding   

  12  0:01  Drone  
  13  0:13  Overlord  
  13  0:19  Drone  
  14  0:22  Extractor  
  13  0:29  Drone  
  14  0:42  Spawning Pool  
  14  0:46  Drone  
  14  0:52  Drone  
  15  0:57  Drone  
  16  1:05  Drone  
  17  1:13  Overlord  
  17  1:20  Drone  
  18  1:29  Metabolic Boost  
  18  1:37  Zergling x2  
  19  1:42  Drone  
  20  1:53  Zergling x2, Extractor  
  20  1:56  Queen  
  23  2:03  Zergling x2  
  24  2:13  Zergling x2  
  24  2:24  Hatchery, Overlord  
  23  2:40  Zergling x2  
  24  2:45  Spore Crawler  
  24  2:51  Zergling x2  
  24  2:57  Zergling x2  
  25  3:16  Zergling x8  
  27  3:30  Zergling x4  
  26  4:06  Zergling x18  
  26  4:07  Zergling x2  
  35  4:20  Drone x2  
  34  4:35  Queen x2  
  34  4:38  Drone x2  
  37  4:48  Drone x4  
  39  5:00  Drone  
  39  5:01  Drone x3  
Show
View Real Time Build Order
Export as new Build Order

Socke Terran 

Build Orders: Reaper Expand 

Get SALT Encoding   

  12  0:02  SCV  
  13  0:14  SCV  
  14  0:20  Supply Depot  
  14  0:26  SCV  
  15  0:41  SCV  
  15  0:42  Barracks  
  16  0:48  Refinery  
  16  0:53  SCV  
  17  1:07  SCV  
  18  1:20  SCV  
  19  1:31  Reaper  
  19  1:32  Orbital Command  
  20  1:47  Command Center  
  20  1:54  Refinery  
  20  1:59  SCV  
  21  2:03  Supply Depot, Reaper  
  22  2:11  SCV  
  23  2:25  SCV  
  23  2:28  Factory  
  24  2:35  Reaper  
  26  2:37  SCV  
  26  2:49  SCV  
  26  3:00  Supply Depot  
  26  3:01  Supply Depot, SCV  
  25  3:08  Reaper  
  25  3:12  Orbital Command  
  25  3:13  SCV  
  24  3:25  SCV, Hellion  
  26  3:37  SCV  
  26  3:39  Factory, Starport  
  26  3:40  Reaper  
  28  3:43  SCV  
  28  3:47  Hellion  
  31  3:49  SCV  
  31  3:55  SCV  
  31  4:01  SCV  
  31  4:07  SCV  
  31  4:08  Hellion  
  33  4:12  Reaper  
  32  4:19  Starport Tech Lab  
  32  4:20  SCV x2  
  30  4:32  SCV  
  30  4:37  Hellion  
  34  4:49  SCV  
  30  4:59  SCV  
  29  5:01  SCV  
  30  5:11  SCV  
Tags
 
Add a new tag
Caveats
  • Supply blocks, unpowered buildings, or Contaminate may cause inaccurate times.
  • Supply counts are checked every 10 seconds.